 Dungeon Crawl Stone Soup version 0.31-a0-1178-gc5c9b8f871 (webtiles) character file.

Game seed: 15390382574194971466

653 qw the Skirmisher (level 7, -1/43 HPs)
             Began as a Gargoyle Hunter on Dec 11, 2023.
             Slain by an ogre
             ... wielding a +0 giant spiked club
              (12 damage)
             ... on level 5 of the Dungeon.
             The game lasted 00:01:15 (3240 turns).

qw the Skirmisher (Gargoyle Hunter)                 Turns: 3240, Time: 00:01:16

Health: -1/43      AC: 15    Str: 14    XL:     7   Next: 54%
Magic:  7/7        EV: 10    Int: 10    God:
Gold:   215        SH:  0    Dex: 15    Spells: 6/6 levels left

rFire   . . .        a - +2 shortbow
rCold   . . .        (shield currently unavailable)
rNeg    + . .        e - +0 ring mail
rPois   inf          h - +0 helmet
rElec   +            (no cloak)
rCorr   .            (no gloves)
SInv    .            (no boots)
Will    +....        (no amulet)
Stlth   +            i - +4 ring of protection
HPRegen 0.27/turn    k - ring of willpower
MPRegen 0.10/turn

%: no passive effects
@: no status effects
A: sickness immunity, AC +4, negative energy resistance 1, electricity
resistance, torment resistance 1, petrification resistance, claws 1, screaming 1
a: no special abilities


You were on level 5 of the Dungeon.
You visited 1 branch of the dungeon, and saw 5 of its levels.

You collected 215 gold pieces.


Innate Abilities, Weirdness & Mutations

You are immune to sickness and miasma.
Your stone body is resilient. (AC +4)
You are immune to poison.
You resist negative energy. (rN+)
You are resistant to electric shocks. (rElec)
You are resistant to unholy torment.
You are immune to petrification.
You have sharp fingernails.
You occasionally shout uncontrollably at your foes.


   Skills:
 + Level 4.2 Fighting
 - Level 8.2 Ranged Weapons
 - Level 1.0 Armour
 - Level 1.5 Dodging
 - Level 1.1 Stealth


You had 6 spell levels left.
You didn't know any spells.
Your spell library was empty.

Inventory:

Hand Weapons
 a - a +2 shortbow (weapon)
Armour
 e - a +0 ring mail (worn)
 h - a +0 helmet (worn)
Jewellery
 f - a ring of fire
 i - a +4 ring of protection (left claw)
 k - a ring of willpower (right claw)
 Y - a ring of positive energy
Wands
 g - a wand of flame (12)
Potions
 b - 2 potions of curing
 c - a potion of haste
 d - a potion of enlightenment {unknown}
 j - 2 potions of mutation
 l - a potion of heal wounds {unknown}

Dungeon Overview and Level Annotations

Branches:
Dungeon (5/15)
 Temple: D:4-7

Altars:
Ashenzari
Kikubaaqudgha
Uskayaw

Annotations:
D:5 2 transporters, qw's ghost, amateur GrHu


Message History

You shoot an arrow. The arrow hits the water moccasin.
The water moccasin is heavily wounded.
You shoot an arrow. The arrow misses the water moccasin.
The water moccasin bites you but does no damage.
The water moccasin barely misses you.
You shoot an arrow.
The arrow closely misses the water moccasin.
The water moccasin bites you.
You shoot an arrow. The arrow hits the water moccasin.
The water moccasin is heavily wounded.
The water moccasin bites you but does no damage.
The water moccasin bites you!
You shoot an arrow. The arrow misses the water moccasin.
The arrow hits the ogre.
The ogre is lightly wounded.
The water moccasin bites you.
You shoot an arrow. The arrow misses the water moccasin.
The water moccasin bites you but does no damage.
The ogre closely misses you.
The water moccasin bites you but does no damage.
You shoot an arrow. The arrow hits the water moccasin!
The water moccasin is almost dead.
The water moccasin bites you but does no damage.
The ogre barely misses you. The water moccasin bites you.
You shoot an arrow. The arrow hits the water moccasin.
The water moccasin is almost dead.
The water moccasin bites you but does no damage.
The ogre hits you with a +0 giant spiked club!
You shoot an arrow. The arrow hits the water moccasin.
You kill the water moccasin!
Your Ranged Weapons skill increases to level 8!
You shoot an arrow. The arrow hits the ogre.
The ogre is moderately wounded.
The ogre barely misses you.
You shoot an arrow. The arrow hits the ogre.
The ogre is heavily wounded.
The ogre hits you with a +0 giant spiked club!
You shoot an arrow. The arrow completely misses the ogre.
The ogre hits you with a +0 giant spiked club!
You die...

...#..###......#
...#....#......#
...#....#......#
.(.#....#......#
...#....'...^..#
...#....#......# .
...#'####......####+#...
##......#######..O.....#
.#......# #.@%.....#
.#...>..# #........#
.'......# #........#
.#......# #........#
##......# #........+
...####### #........#
.........# +........#
#........# #........#
##%......#


You could see an ogre.

Vanquished Creatures
  Sigmund (D:5)
  A water moccasin (D:5)
  A phantom (D:5)
  A hound (D:4)
  2 orc priests (D:4)
  A sleepcap (D:5)
  2 iguanas (D:5)
  6 adders
  A shadow imp (D:5)
  2 worms
  6 orcs (D:4)
  6 bats
  10 endoplasms
  4 giant cockroaches
  5 goblins
  9 hobgoblins
  3 jackals (D:1)
  A kobold (D:1)
  A quokka (D:1)
  10 ball pythons
  3 frilled lizards
  3 rats
79 creatures vanquished.

Notes
Turn   | Place    | Note
-------+----------+-------------------------------------------
     0 | D:1      | qw the Gargoyle Hunter began the quest for the Orb.
     0 | D:1      | Reached XP level 1. HP: 12/12 MP: 1/1
     0 | D:1      | 0 ||| qw: Version: 0.3-a-106-g2cfff9e
     0 | D:1      | 0 ||| qw: Game counter: 2037
     0 | D:1      | 0 ||| qw: Melee chars always use a shield: true
     0 | D:1      | 0 ||| qw: God list: Okawaru
     0 | D:1      | 0 ||| qw: Allow faded altars: false
     0 | D:1      | 0 ||| qw: Do Orc after clearing Dungeon:15 true
     0 | D:1      | 0 ||| qw: Do second Lair branch before Depths: true
     0 | D:1      | 0 ||| qw: Lair rune preference: random
     0 | D:1      | 0 ||| qw: Goals: Normal, Save, Zot:1-4, Win
     0 | D:1      | 0 ||| PLANNING D:1-11
   121 | D:1      | Reached XP level 2. HP: 17/17 MP: 2/2
   164 | D:1      | 164 ||| RETREEAATING.
   266 | D:1      | Reached XP level 3. HP: 21/21 MP: 3/3
   530 | D:1      | 530 ||| READING scroll labelled JIMYMMOEMM.
   533 | D:1      | 533 ||| READING scroll labelled PEIVEG QIMO.
   534 | D:1      | 534 ||| READING scroll labelled BIUMIUSUATH.
   635 | D:1      | 635 ||| READING 2 scrolls labelled WOFIACR YRAK.
   635 | D:1      | 635 ||| IDENTIFYING viscous sapphire potion
   636 | D:1      | 636 ||| DROPPING scroll of butterflies.
   637 | D:1      | 637 ||| DROPPING potion of degeneration.
   660 | D:2      | Reached skill level 5 in Ranged Weapons
  1027 | D:2      | 1027 ||| UPGRADING to +0 ring mail.
  1037 | D:2      | 1037 ||| DROPPING +0 leather armour.
  1038 | D:2      | 1038 ||| UPGRADING to +0 helmet.
  1043 | D:2      | 1043 ||| READING scroll of identify.
  1043 | D:2      | 1043 ||| IDENTIFYING puce potion
  1044 | D:2      | 1044 ||| READING scroll labelled ALETWE OHETZI.
  1044 | D:2      | 1044 ||| ENCHANTING +0 shortbow.
  1108 | D:3      | 1108 ||| READING scroll of enchant weapon.
  1108 | D:3      | 1108 ||| ENCHANTING +1 shortbow.
  1156 | D:3      | Reached XP level 4. HP: 27/27 MP: 4/4
  1214 | D:3      | Found a broken altar of Ashenzari.
  1228 | D:3      | Found a faded altar of an unknown god.
  1295 | D:3      | Reached skill level 1 in Armour
  1325 | D:3      | Reached skill level 3 in Fighting
  1842 | D:3      | 1842 ||| UPGRADING to ring of willpower.
  1843 | D:3      | 1843 ||| UPGRADING to ring of positive energy.
  1844 | D:3      | 1844 ||| READING scroll of identify.
  1844 | D:3      | 1844 ||| IDENTIFYING bubbling orange potion
  1845 | D:3      | 1845 ||| READING scroll labelled FACYDGHY ORGHANO.
  1846 | D:3      | 1846 ||| DROPPING potion of ambrosia.
  1927 | D:4      | 1927 ||| FLEEEEING.
  1928 | D:4      | 1928 ||| FLEEEEING.
  1929 | D:4      | 1929 ||| STAIRDANCE
  2000 | D:4      | Reached XP level 5. HP: 29/32 MP: 5/5
  2072 | D:4      | Reached skill level 6 in Ranged Weapons
  2341 | D:4      | Found an ancient bone altar of Kikubaaqudgha.
  2345 | D:4      | Noticed a +0 dagger
  2346 | D:4      | Noticed a +0 dagger
  2347 | D:4      | Found a hide-covered altar of Uskayaw.
  2731 | D:4      | Reached XP level 6. HP: 32/38 MP: 6/6
  2828 | D:4      | 2828 ||| UPGRADING to +4 ring of protection.
  2830 | D:4      | 2830 ||| UPGRADING to ring of willpower.
  2832 | D:4      | 2832 ||| READING 2 scrolls of identify.
  2832 | D:4      | 2832 ||| IDENTIFYING dark potion
  2833 | D:4      | 2833 ||| READING scroll of identify.
  2833 | D:4      | 2833 ||| IDENTIFYING glowing yellow potion
  2834 | D:4      | 2834 ||| DRINKING 3 bubbling amethyst potions.
  2834 | D:4      | Gained mutation: You occasionally shout uncontrollably at
                  | your foes. [potion of mutation]
  2834 | D:4      | Gained mutation: You have sharp fingernails. [potion of
                  | mutation]
  2835 | D:4      | 2835 ||| DROPPING potion of lignification.
  2849 | D:5      | Entered Level 5 of the Dungeon
  2901 | D:5      | Noticed Sigmund
  2909 | D:5      | Killed Sigmund
  2910 | D:5      | Reached skill level 7 in Ranged Weapons
  2910 | D:5      | Reached XP level 7. HP: 32/43 MP: 7/7
  3039 | D:5      | Found a transporter.
  3039 | D:5      | Noticed qw's ghost (amateur GrHu)
  3043 | D:5      | Found a transporter.
  3044 | D:5      | Noticed a troll
  3047 | D:5      | 3047 ||| READING scroll labelled PULLYTUREN.
  3238 | D:5      | Reached skill level 8 in Ranged Weapons
  3240 | D:5      | Slain by an ogre

Levels and vault maps discovered:
D:1:      sevenhm_arrival_forest_fort_small_5, layout_basic
D:2:      layout_rooms
D:3:      layout_basic, cheibrodos_ashenzari_chains,
          ebering_ecumenical_altar_box, nicolae_eternal_life, bh_walls_and_bars
D:4:      wad_pebble_path, layout_cave_pods, lemuel_tele_altar,
          dancing_weapons_uskayaw
D:5:      layout_gridville, gammafunk_ghost_arena, pf_guarded_unrand_woodcutter,
          uniq_sigmund

Skill      XL: |  1  2  3  4  5  6  7 |
---------------+----------------------+-----
Ranged Weapons | 5 6 7 8 |  8.2
Armour         | 1 |  1.0
Fighting       | 3 4 |  4.2
Dodging        | |  1.5
Stealth        | |  1.1

Action                     |  1- 3 |  4- 6 |  7- 9 || total
---------------------------+-------+-------+-------++-------
   Fire: Shortbow          |    93 |   136 |    33 ||   262
    Use: Scroll            |     7 |     4 |     1 ||    12
         Potion            |       |     1 |       ||     1
 Armour: Leather armour    |    29 |       |       ||    29
         Ring mail         |     1 |    47 |    21 ||    69
  Dodge: Dodged            |    23 |    34 |     7 ||    64

Table legend:
 A = Non-vault XP
 B = Vault XP
 C = Vault XP percentage of total XP
 D = Non-vault monster count
 E = Vault monster count
 F = Vault count percentage of total count
                 A         B        C        D         E       F
            +---------+---------+-------+---------+---------+-------
      Total |     711 |     223 |  23.9 |      78 |       1 |   1.3
            +---------+---------+-------+---------+---------+-------
        D:1 |      34 |       0 |   0.0 |      20 |       0 |   0.0
        D:2 |      44 |       0 |   0.0 |      13 |       0 |   0.0
        D:3 |      32 |       0 |   0.0 |      11 |       0 |   0.0
        D:4 |     217 |       0 |   0.0 |      28 |       0 |   0.0
        D:5 |     384 |     223 |  36.7 |       6 |       1 |  14.3
            +---------+---------+-------+---------+---------+-------
